 Dungeon Crawl Stone Soup version 0.29-a0-275-g389c0b56f3 (webtiles) character file.

Game seed: 17511355099491766126

217 Ordine the Slasher (level 5, -1/32 HPs)
             Began as a Tengu Warper on Mar 10, 2022.
             Slain by an iguana (5 damage)
             ... on level 4 of the Dungeon.
             The game lasted 00:07:52 (3023 turns).

Ordine the Slasher (Tengu Warper)                   Turns: 3023, Time: 00:07:52

Health: -1/32      AC: 11    Str: 11    XL:     5   Next: 94%
Magic:  9/9        EV: 10    Int: 14    God:
Gold:   217        SH:  0    Dex: 15    Spells: 6/8 levels left

rFire   + + .      SeeInvis .   a - +0 falchion
rCold   x . .      Faith    .   (no shield)
rNeg    . . .      Spirit   .   f - +0 fire dragon scales
rPois   .          Reflect  .   (helmet restricted)
rElec   .          Harm     .   (no cloak)
rCorr   .          Rampage  .   i - +2 pair of gloves
Will    .....                   (boots unavailable)
Stlth   ..........              (no amulet)
HPRegen 0.10/turn               (no ring)
MPRegen 0.11/turn               (no ring)

@: flying quickly and evasively, quick
A: beak, talons 3, nimble flight
a: no special abilities


You were on level 4 of the Dungeon.
You visited 1 branch of the dungeon, and saw 4 of its levels.

You collected 217 gold pieces.

Inventory:

Hand Weapons
 a - a +0 falchion (weapon)
 b - a +1 whip of venom
 o - the +9 trident of Bisiusi {freeze, rN+ Str+3}
   (You found it on level 3 of the Dungeon)

   It freezes those it strikes, dealing additional cold damage.
   It can also slow down cold-blooded creatures.
   Str:       It affects your strength (+3).
   rN:        It protects you from negative energy.
Missiles
 d - 7 boomerangs of dispersal
 h - 4 poisoned darts
 k - 6 boomerangs
Armour
 f - +0 fire dragon scales (worn)
 i - a +2 pair of gloves (worn)
 j - a +0 troll leather armour
Scrolls
 c - 2 scrolls of blinking
 m - a scroll of magic mapping {unknown}
 n - a scroll of torment {unknown}
 r - a scroll of teleportation {unknown}
 s - 3 scrolls of fear {unknown}
 t - a scroll of identify {unknown}
 u - 3 scrolls of enchant weapon {unknown}
Potions
 l - a potion of degeneration {unknown}
 p - a potion of brilliance {unknown}
 q - a potion of curing {unknown}


   Skills:
 + Level 3.3 Fighting
 * Level 4.9 Long Blades
 + Level 2.8 Throwing
 - Level 1.1 Armour
 - Level 2.1 Dodging
 - Level 2.0 Spellcasting
 - Level 2.4 Translocations


You had 6 spell levels left.
You knew the following spells:

 Your Spells              Type           Power      Damage    Failure   Level
a - Blink                 Tloc           16%        N/A       77%         2

Your spell library contained the following spells:

 Spells                   Type           Power      Damage    Failure   Level
 Gell's Gravitas          Tloc           8%         N/A       94%         3
 Lesser Beckoning         Tloc           8%         N/A       94%         3
 Teleport Other           Tloc           8%         N/A       94%         3
 Static Discharge         Conj/Air       1%         N/A       97%         2
 Animate Dead             Necr           0%         N/A       100%        4
 Borgnjor's Vile Clutch   Necr/Erth      0%         N/A       100%        5
 Lightning Bolt           Conj/Air       0%         1d11      100%        5
 Manifold Assault         Tloc           8%         N/A       100%        5
 Death Channel            Necr           0%         N/A       100%        6
 Maxwell's Capacitive Co  Air            0%         ∞         100%        8


Dungeon Overview and Level Annotations

Branches:
Dungeon (4/15)
 Temple: D:4-7

Altars:


Innate Abilities, Weirdness & Mutations

You have a beak for a mouth.
You have claws for feet.
Your magical nature lets you fly swiftly and evasively.


Message History

An iguana comes into view.
Found a robe.
Press: ? - help, v - describe, . - travel
Here: a phantom (heavily damaged)
The floor.
Unknown command.
You hit the phantom. You peck the phantom, but do no damage.
The phantom is severely damaged.
The iguana hisses angrily.
The phantom hits you but does no damage.
You slash the phantom! You claw the phantom, but do no damage.
The phantom is almost destroyed.
The phantom hits you.
The phantom blinks!
You blink.
You miss the phantom. Your kick misses the phantom.
Your peck misses the phantom.
The phantom is almost destroyed.
The phantom misses you.
You barely miss the phantom. Your kick misses the phantom.
Your peck misses the phantom.
The phantom is almost destroyed.
The phantom barely misses you.
You hit the phantom but do no damage. You claw the phantom.
You destroy the phantom!
You hit the iguana but do no damage. The iguana bites you.
The adder bites you but does no damage.
You barely miss the adder. The iguana bites you.
The adder bites you but does no damage.
You miss the adder. The adder bites you but does no damage.
The iguana bites you but does no damage.
You hit the adder. Your kick misses the adder. Your peck misses the adder.
The adder is heavily wounded.
The adder bites you but does no damage. The iguana bites you!
* * * LOW HITPOINT WARNING * * *
The adder bites you but does no damage.
It was a potion of magic.
Magic courses through your body. The iguana completely misses you.
The adder bites you but does no damage.
It was a potion of flight.
You feel more buoyant. The iguana bites you.
You die...

.....#######.......###
.....# ##........#
.....# ##........##
.....## #........![#
......# #..........##
.##...##
##....>).....#
####...##
#............#
##...###.....S......#
##...##.....@l......
##..##.............
#######........###
####...### #####


You could see an iguana and an adder.

Vanquished Creatures
  A phantom (D:4)
  An orc priest (D:3)
  5 adders
  A dart slug (D:1)
  3 orcs (D:3)
  2 bats
  9 endoplasms
  7 giant cockroaches
  2 goblins (D:1)
  4 hobgoblins
  8 jackals
  A quokka (D:1)
  3 ball pythons
  2 frilled lizards (D:2)
  5 kobolds
  5 rats
59 creatures vanquished.

Notes
Turn   | Place    | Note
-------+----------+-------------------------------------------
     0 | D:1      | Ordine the Tengu Warper began the quest for the Orb.
     0 | D:1      | Reached XP level 1. HP: 12/12 MP: 4/4
   192 | D:1      | Reached XP level 2. HP: 17/17 MP: 6/6
   195 | D:1      | Learned a level 2 spell: Blink
   566 | D:1      | Reached skill level 3 in Long Blades
   749 | D:2      | Reached XP level 3. HP: 21/22 MP: 7/7
   922 | D:2      | Found a faded altar of an unknown god.
  1324 | D:2      | Reached XP level 4. HP: 27/27 MP: 8/8
  1801 | D:3      | Reached skill level 4 in Long Blades
  2166 | D:3      | Gained mutation: Your magical nature lets you fly swiftly
                  | and evasively. [Tengu growth]
  2166 | D:3      | Reached XP level 5. HP: 32/32 MP: 9/9
  2173 | D:3      | Identified the +9 trident of Bisiusi {freeze, rN+ Str+3}
  2997 | D:4      | Noticed a phantom
  3017 | D:4      | Killed a phantom
  3023 | D:4      | Slain by an iguana

Illustrated notes

Levels and vault maps discovered:
D:1:      eino_arrival_tree_alley, layout_rooms, dk_noncrumbling_4,
          minmay_bisected
D:2:      layout_basic, hellmonk_ecumenical_altar_lost_god
D:3:      layout_basic, serial_bayou_lagoon_a
D:4:      minmay_polygon_palace, layout_cave_pods

Skill      XL: |  1  2  3  4 |
---------------+-------------+-----
Long Blades    | 3 4 |  4.9
Throwing       | 2 |  2.8
Fighting       | 3 |  3.3
Armour         | |  1.1
Dodging        | |  2.1
Spellcasting   | |  2.0
Translocations | |  2.4

Action                   |  1- 3 |  4- 6 || total
-------------------------+-------+-------++-------
Melee: Falchion          |    81 |    79 ||   160
       Kick              |    21 |    27 ||    48
       Peck              |    10 |     8 ||    18
  Use: Potion            |       |     2 ||     2
Armor: Leather armour    |     7 |       ||     7
       Fire dragon scale |    41 |    37 ||    78
Dodge: Dodged            |    38 |    38 ||    76

Table legend: (Time is in decaauts)
 A = Elapsed time spent in this place.
 B = Non-inter-level travel time spent in this place.
 C = Inter-level travel time spent in this place.
 D = Time resting spent in this place.
 E = Time spent auto-exploring this place.
 F = Levels seen in this place.
 G = Mean time per level.
                   A        B        C        D        E       F      G
               +--------+--------+--------+--------+--------+-----+--------+
         Total |   2970 |   2920 |     50 |    269 |   2191 |   4 |  742.5 |
       Dungeon |   2970 |   2920 |     50 |    269 |   2191 |   4 |  742.5 |
               +--------+--------+--------+--------+--------+-----+--------+

Top non-repeatable levels by time:
     D:3: 1069 daAuts
     D:2: 1034 daAuts
     D:1: 696 daAuts
     D:4: 170 daAuts
